 Dungeon Crawl Stone Soup version 0.25-a0-663-gace7076 (webtiles) character file.

Game seed: 7029280074382266217, levelgen mode: deterministic

47 BlueFish the Ducker (level 3, 0/28 HPs)
             Began as a Demonspawn Gladiator on Mar 25, 2020.
             Slain by a worm (4 damage)
             ... on level 2 of the Dungeon.
             The game lasted 00:06:37 (2137 turns).

BlueFish the Ducker (Demonspawn Gladiator)          Turns: 2137, Time: 00:06:38

Health: 0/28       AC:  4    Str: 15    XL:     3   Next: 48%
Magic:  3/3        EV: 13    Int:  9    God:
Gold:   111        SH:  0    Dex: 17    Spells: 2/2 levels left

rFire    . . .     SeeInvis .   e - +0 dagger
rCold    . . .     Gourm    .   (no shield)
rNeg     . . .     Faith    .   b - +0 leather armour
rPois    .         Spirit   .   c - +0 helmet
rElec    .         Reflect  .   (no cloak)
rCorr    .         Harm     .   (no gloves)
MR       .....                  (no boots)
Stlth    +++++.....             (no amulet)
HPRegen  0.09/turn              q - +3 ring of dexterity
MPRegen  0.08/turn              m - ring of stealth

@: no status effects
A: nightstalker 2
a: no special abilities


You were on level 2 of the Dungeon.
You were very hungry.

You visited 1 branch of the dungeon, and saw 2 of its levels.

You collected 111 gold pieces.

Inventory:

Hand Weapons
 e - a +0 dagger (weapon)
 l - a +0 short sword
Missiles
 d - 3 throwing nets (quivered)
Armour
 b - a +0 leather armour (worn)
 c - a +0 helmet (worn)
Jewellery
 m - a ring of stealth (right hand)
 q - a +3 ring of dexterity (left hand)
Scrolls
 i - a scroll of identify
Potions
 a - a potion of mutation
 h - a potion of degeneration {unknown}
 j - a potion of might
 n - a potion of ambrosia
Comestibles
 f - 5 rations


   Skills:
 + Level 2.4 Fighting
 * Level 0.8(2.0) Short Blades
   Level 2.9(3.0) Long Blades
 + Level 1.8 Throwing
 + Level 0.5 Armour
 * Level 3.2 Dodging
 * Level 0.8 Stealth


You had 2 spell levels left.
You didn't know any spells.
Your spell library was empty.

Dungeon Overview and Level Annotations

Branches:
Dungeon (2/15)

Altars:


Innate Abilities, Weirdness & Mutations

You are significantly more attuned to the shadows.


Message History

You hit the worm but do no damage.
The worm is heavily wounded.
You hit the worm.
The worm is heavily wounded.
The worm closely misses you.
You hit the worm.
The worm is heavily wounded.
You hit the worm.
The worm is severely wounded.
The worm bites you.
You hit the worm.
The worm is almost dead.
You hit the worm.
The worm is almost dead.
The worm bites you!
* * * LOW HITPOINT WARNING * * *
You hit the worm.
The worm is almost dead.
The worm bites you.
You die...

#...##...##
..........#######*############
................##.....#.....##
..............................##
...............................#
............(..................#
#....#...........<.............#
####.####..(...w...............##
####.# #.(.<...@.............^>.
...#.# ##......................#
##.#.# #......................#.
#.#.####..............[......##.
#....w...........##(##(..#..##[.
###.###.............##...).###.#
#.# ##..........####....####.#
##.# #...........# #.##...#..#
#..# ###.....##..###.####.#.##


You could see a worm.

Vanquished Creatures
  A dart slug (D:2)
  6 bats
  3 giant cockroaches
  7 goblins
  4 hobgoblins
  6 jackals
  2 quokkas
  3 frilled lizards
  4 kobolds
  3 rats
39 creatures vanquished.

Notes
Turn   | Place    | Note
-------+----------+-------------------------------------------
     0 | D:1      | BlueFish the Demonspawn Gladiator began the quest for the
                  | Orb.
     0 | D:1      | Reached XP level 1. HP: 16/16 MP: 1/1
   172 | D:1      | Gained mutation: You are slightly more attuned to the
                  | shadows. [demonic ancestry]
   172 | D:1      | Reached XP level 2. HP: 20/22 MP: 2/2
   181 | D:1      | Reached skill level 3 in Dodging
   962 | D:2      | Gained mutation: You are significantly more attuned to the
                  | shadows. [demonic ancestry]
   962 | D:2      | Reached XP level 3. HP: 14/28 MP: 3/3
  2137 | D:2      | Slain by a worm

Levels and vault maps discovered:
D:1:      giann_bridges, layout_basic
D:2:      layout_rooms

Skill      XL: |  1  2 |
---------------+-------+-----
Dodging        | 3 |  3.2
Fighting       | |  2.4
Short Blades   | |  0.8
Long Blades    | |  2.9
Throwing       | |  1.8
Armour         | |  0.5
Stealth        | |  0.8

Action                   || total
-------------------------++-------
Melee: Long sword        ||    32
       Short sword       ||   117
       Dagger            ||    73
  Use: Scroll            ||     6
 Stab: Sleeping          ||     5
       Distracted        ||     1
  Eat: Chunk             ||     3
Armor: Leather armour    ||    67
Dodge: Dodged            ||   149
       Rpst.: Long sword ||     3

Table legend:
 A = Non-vault XP
 B = Vault XP
 C = Vault XP percentage of total XP
 D = Non-vault monster count
 E = Vault monster count
 F = Vault count percentage of total count
                 A         B        C        D         E       F
            +---------+---------+-------+---------+---------+-------
      Total |      68 |       0 |   0.0 |      39 |       0 |   0.0
            +---------+---------+-------+---------+---------+-------
        D:1 |      35 |       0 |   0.0 |      20 |       0 |   0.0
        D:2 |      33 |       0 |   0.0 |      19 |       0 |   0.0
            +---------+---------+-------+---------+---------+-------
